 Dungeon Crawl Stone Soup version 0.31-a0-237-g2d982f9 (webtiles) character file.

Game seed: 16089185454305342071

3511 BingusPrime the Grappler (level 9, 0/96 HPs)
             Began as a Troll Chaos Knight on July 11, 2023.
             Was a Plaything of Xom.
             Slain by a killer bee (7 damage)
             ... on level 8 of the Dungeon.
             The game lasted 00:10:08 (4431 turns).

BingusPrime the Grappler (Troll Chaos Knight)       Turns: 4431, Time: 00:10:09

Health: 0/96       AC:  7    Str: 26    XL:     9   Next: 81%
Magic:  8/8        EV:  8    Int:  8    God:    Xom [.*....]
Gold:   215        SH: 10    Dex:  9    Spells: 8/8 levels left

rFire   + .          .
                       - Unarmed
rCold   . . .        r - +1 tower shield {rF+}
rNeg    . . .        a - +2 robe
rPois   .            c - +1 hat
rElec   .            t - scarf {shadows}
rCorr   .            (gloves unavailable)
SInv    .            (boots unavailable)
Will    .....        (no amulet)
Stlth   +            (no ring)
HPRegen 1.16/turn    (no ring)
MPRegen 0.11/turn

%: no passive effects
@: lethally poisoned (0 -> -11)
A: large, unfitting armour, claws 3, regeneration 1, shaggy fur 1, tough skin 1
a: Renounce Religion


You were on level 8 of the Dungeon.
You worshipped Xom.
You were a plaything of Xom.
You visited 2 branches of the dungeon, and saw 9 of its levels.

You collected 440 gold pieces.
You spent 225 gold pieces at shops.

Inventory:

Missiles
 g - 9 poisoned darts (quivered)
Armour
 a - a +2 robe (worn)
 c - a +1 hat (worn)
 r - a +1 tower shield of fire resistance (worn)
 t - a scarf of shadows (worn)
Wands
 m - a wand of flame (12)
 p - a wand of paralysis (6)
Scrolls
 e - a scroll of acquirement {unknown}
 f - a scroll of amnesia {unknown}
 i - 3 scrolls of teleportation {unknown}
 k - 2 scrolls of poison
 l - a scroll of noise {unknown}
 n - 3 scrolls of identify
 o - a scroll of blinking {unknown}
 q - a scroll of fog {unknown}
 u - a scroll of vulnerability {unknown}
Potions
 d - 3 potions of enlightenment
 h - a potion of brilliance {unknown}
 j - 6 potions of curing
 s - a potion of heal wounds {unknown}
Miscellaneous
 b - a piece from Xom's chessboard (15/15)


   Skills:
 * Level 7.9 Fighting
 + Level 5.7 Dodging
 * Level 9.4 Unarmed Combat


You had 8 spell levels left.
You didn't know any spells.
Your spell library contained the following spells:

 Spells                   Type           Power      Damage    Failure   Level
 Foxfire                  Conj/Fire      0%         2x1d4     96%         1
 Scorch                   Fire           0%         2d5       99%         2
 Flame Wave               Conj/Fire      0%         2d4       100%        4
 Fireball                 Conj/Fire      0%         3d3       100%        5
 Plasma Beam              Fire/Air       0%         2x1d10    100%        6
 Starburst                Conj/Fire      0%         6d3       100%        6
 Summon Cactus Giant      Summ           0%         N/A       100%        6


Dungeon Overview and Level Annotations

Branches:
Dungeon (8/15)             Temple (1/1) D:7
   Lair: D:8-11

Altars:
Ashenzari
Cheibriados
Dithmenos
Elyvilon
Fedhas
Gozag
Hepliaklqana
Kikubaaqudgha
Makhleb
Okawaru
Qazlal
Ru
Sif Muna
Trog
Uskayaw
Vehumet
Wu Jian
Xom
Yredelemnul
Zin
The Shining One

Shops:
D:2 (   D:6 !   D:7 **


Innate Abilities, Weirdness & Mutations

You are too large for most types of armour.
You have claws for hands.
Your natural rate of healing is unusually fast.
You are covered in fur. (AC +1)
You have tough skin. (AC +1)


Message History

You feel very sick.
You block the killer bee's attack. x3; The killer bee barely misses you. x2
The killer bee stings you but does no damage.
The killer bee barely misses you. The killer bee stings you.
The killer bee barely misses you. x3; The killer bee completely misses you.
You closely miss the killer bee.
The killer bee is moderately wounded.
You feel very sick.
You block the killer bee's attack. x2; The killer bee closely misses you.
The killer bee stings you but does no damage. x2
The killer bee stings you!
* * * LOW HITPOINT WARNING * * *
You are more poisoned.
The killer bee poisons you! The killer bee barely misses you.
The killer bee stings you.
* * * LOW HITPOINT WARNING * * *
You are more poisoned.
The killer bee poisons you!
You barely miss the killer bee.
The killer bee is moderately wounded.
You feel extremely sick.
You are now a plaything of Xom.
The killer bee barely misses you. The killer bee stings you.
* * * LOW HITPOINT WARNING * * *
The killer bee barely misses you. You block the killer bee's attack. x2
The killer bee stings you but does no damage.
The killer bee barely misses you. The killer bee stings you.
* * * LOW HITPOINT WARNING * * *
You scratch the killer bee.
The killer bee is moderately wounded.
* * * LOW HITPOINT WARNING * * *
You feel very sick. The killer bee stings you.
* * * LOW HITPOINT WARNING * * *
The killer bee stings you.
* * * LOW HITPOINT WARNING * * *
You are lethally poisoned!
The killer bee poisons you! The killer bee stings you!
You die...
Xom bursts into laughter!

. #. ..#. .....
##... .....####
.... .##.....##
...# ......<..#
...# .....##.##
...#..
........###y.....
......#...@y.....
......#...yy.....
#.##.............
.......##.##.#
#.....#.. #.. #
..##.##... ..# .#
#. ##... .#


You could see 4 killer bees.

Vanquished Creatures
  Pikel (D:5)
  Edmund (D:5)
  An orc warrior (D:7)
  A black bear (D:6)
  2 ogres
  A centaur (D:6)
  2 phantoms (D:7)
  2 bullfrogs (D:6)
  3 scorpions
  4 wights (D:6)
  2 killer bees (D:8)
  2 crimson imps (D:5)
  A quasit (D:5)
  3 jellies
  3 orc priests
  3 hounds
  A gnoll bouda (D:6)
  2 sleepcaps
  5 iguanas
  Ijyb (D:5)
  An orc wizard (D:6)
  6 gnolls
  4 adders
  3 shadow imps
  4 white imps
  An ufetubus (D:7)
  2 worms (D:2)
  A dart slug (D:1)
  11 orcs
  4 endoplasms
  4 giant cockroaches
  11 goblins
  15 hobgoblins
  7 kobolds
  3 quokkas
  7 ball pythons
  4 bats
  4 frilled lizards
  4 rats
137 creatures vanquished.

Vanquished Creatures (collateral kills)
  2 water moccasins (D:7)
  An orc warrior (D:7)
  A black bear (D:7)
  A sky beast (D:7)
  A gnoll sergeant (D:7)
  A bullfrog (D:7)
  2 scorpions (D:7)
  A quasit (D:5)
  A gnoll bouda (D:7)
  2 hounds (D:7)
  A jelly (D:5)
  3 gnolls (D:7)
17 creatures vanquished.

Grand Total: 154 creatures vanquished

Notes
Turn   | Place    | Note
-------+----------+-------------------------------------------
     0 | D:1      | BingusPrime the Troll Chaos Knight began the quest for the
                  | Orb.
     0 | D:1      | Reached XP level 1. HP: 22/22 MP: 0/0
   126 | D:1      | XOM: silly message
   147 | D:1      | Reached XP level 2. HP: 29/29 MP: 1/1
   587 | D:1      | Reached XP level 3. HP: 34/36 MP: 2/2
   690 | D:2      | Found Goeblul's Antique Weapon Emporium.
   828 | D:2      | XOM: 9-stop teleportation journey
  1073 | D:2      | XOM: scenery: 1 doors open, 3 doors close
  1074 | D:2      | Reached XP level 4. HP: 45/45 MP: 3/3
  1480 | D:3      | You fall into a shaft and drop 2 floors!
  1480 | D:5      | Entered Level 5 of the Dungeon
  1552 | D:4      | Reached skill level 4 in Unarmed Combat
  1844 | D:4      | Noticed an ogre
  1852 | D:4      | Killed an ogre
  1853 | D:4      | Reached XP level 5. HP: 48/54 MP: 4/4
  1926 | D:4      | XOM: confuse monster(s)
  1934 | D:4      | Reached XP level 6. HP: 62/62 MP: 5/5
  1967 | D:4      | XOM: 1-stop teleportation journey
  1991 | D:4      | XOM: cloud trail
  2068 | D:5      | XOM: summons friendly ufetubus
  2095 | D:5      | XOM: summons 6 friendly demons
  2137 | D:5      | Reached skill level 5 in Unarmed Combat
  2141 | D:5      | XOM: summons 4 friendly demons
  2160 | D:5      | XOM: polymorph shadow imp -> iron imp
  2187 | D:5      | Found a radiant altar of Vehumet.
  2217 | D:5      | Noticed Edmund
  2233 | D:5      | Killed Edmund
  2234 | D:5      | Reached XP level 7. HP: 56/71 MP: 6/6
  2366 | D:5      | Noticed Ijyb
  2377 | D:5      | Killed Ijyb
  2462 | D:5      | XOM: 2-stop teleportation journey
  2482 | D:5      | Noticed Pikel
  2488 | D:5      | XOM: cast spell 'Dispersal'
  2495 | D:5      | XOM: silly message
  2496 | D:5      | XOM: divination: detect items
  2506 | D:5      | Killed Pikel
  2507 | D:5      | Reached skill level 5 in Fighting
  2507 | D:5      | Reached skill level 6 in Unarmed Combat
  2507 | D:5      | Reached XP level 8. HP: 78/81 MP: 7/7
  2726 | D:6      | Found Joffokig's Distillery.
  2732 | D:6      | XOM: potion effect (might)
  2782 | D:6      | Reached skill level 7 in Unarmed Combat
  2813 | D:6      | XOM: enchant monster (good)
  3051 | D:6      | Reached XP level 9. HP: 78/86 MP: 8/8
  3062 | D:6      | Found a broken altar of Ashenzari.
  3115 | D:6      | Reached skill level 8 in Unarmed Combat
  3119 | D:6      | Reached skill level 5 in Dodging
  3442 | D:7      | Found Ea-nāṣir's Fine Metal Goods.
  3447 | D:7      | Bought a runed tower shield for 225 gold pieces
  3597 | D:7      | Found a staircase to the Ecumenical Temple.
  3648 | Temple   | Entered the Ecumenical Temple
  3649 | Temple   | Found a transporter.
  3649 | Temple   | Found a transporter.
  3651 | Temple   | Found a transporter.
  3651 | Temple   | Found a transporter.
  3790 | D:7      | XOM: confuse monster(s)
  3805 | D:7      | Reached skill level 9 in Unarmed Combat
  3847 | D:7      | XOM: silly message
  3932 | D:7      | Found Xoheag's General Store.
  4431 | D:8      | Slain by a killer bee

Illustrated notes

Levels and vault maps discovered:
D:1:      saegor_arrival_simple_e, layout_basic
D:2:      cheibrodos_greedy_goblins, layout_basic, serial_shops, shop
D:3:      layout_rooms, shapermc_ecumenical_altar_totnotflames, serial_aquarium,
          aquarium_bridge_square [aquarium_subvault_bridge,
          aquarium_subvault_wall, aquarium_subvault_bridge,
          aquarium_subvault_balcony], aquarium_window_corridor_2,
          aquarium_window_1, aquarium_window_1, aquarium_view_2d,
          aquarium_balcony_5b, aquarium_pool_2
D:4:      layout_layer_cave
D:5:      layout_basic, nicolae_vehumet_radiance, serial_demonic,
          serial_demonic_b, serial_demonic_f, serial_demonic_b,
          serial_demonic_f, uniq_edmund, uniq_pikel, uniq_ijyb
D:6:      layout_loops_ring, cheibrodos_ashenzari_chains, serial_shops,
          nicolae_stop_n_shop_1, wad_rectangle_vault
D:7:      layout_loops_ring, minmay_temple_entry_statues_fountains,
          serial_shops, nicolae_stop_n_shop_1, nicolae_ea-nasir_strikes_again,
          minmay_fractal_squares_diagonal_5
D:8:      layout_cave_pools, serial_shops, nicolae_shop_back_alley_shop, shop,
          shop, shop, shop, grunt_decor_junction,
          minmay_fractal_squares_gapless_5
Temple:   hellmonk_temple_divided_pantheon

Skill      XL: |  1  2  3  4  5  6  7  8  9 |
---------------+----------------------------+-----
Dodging        | 2 3 4 5 |  5.7
Fighting       | 3 4 5 6 7 |  7.9
Unarmed Combat | 4 5 6 7 9 |  9.4

Action                     |  1- 3 |  4- 6 |  7- 9 || total
---------------------------+-------+-------+-------++-------
  Melee: Unarmed           |   115 |   117 |   191 ||   423
         Punch             |     3 |     1 |     4 ||     8
    Use: Scroll            |     2 |     1 |     1 ||     4
         Potion            |     3 |     2 |       ||     5
   Stab: Sleeping          |     1 |     1 |       ||     2
         Confused          |       |     1 |       ||     1
         Paralysed         |       |     1 |     1 ||     2
 Armour: Robe              |    64 |    55 |    75 ||   194
  Dodge: Dodged            |    50 |    69 |   107 ||   226
  Block: Tower shield      |       |       |    50 ||    50

Table legend: (Time is in decaauts)
 A = Elapsed time spent in this place.
 B = Non-inter-level travel time spent in this place.
 C = Inter-level travel time spent in this place.
 D = Time resting spent in this place.
 E = Time spent auto-exploring this place.
 F = Levels seen in this place.
 G = Mean time per level.
                   A        B        C        D        E       F      G
               +--------+--------+--------+--------+--------+-----+--------+
         Total |   4373 |   4167 |    206 |      7 |   3274 |   9 |  485.9 |
       Dungeon |   4334 |   4150 |    184 |      7 |   3268 |   8 |  541.8 |
        Temple |     39 |     17 |     22 |      0 |      6 |   1 |   39.0 |
               +--------+--------+--------+--------+--------+-----+--------+

Top non-repeatable levels by time:
     D:7: 942 daAuts
     D:2: 786 daAuts
     D:6: 701 daAuts
     D:5: 699 daAuts
     D:1: 593 daAuts
     D:4: 515 daAuts
     D:3: 74 daAuts
  Temple: 39 daAuts
     D:8: 20 daAuts
